 Dungeon Crawl Stone Soup version 0.29.1-15-g9cfb28693d (console) character file.

Game seed: 16903779080845655773

436 Goreval the Cudgeller (level 6, -7/93 HPs)
             Began as a Troll Berserker on Feb 24, 2023.
             Was a Believer of Trog.
             Mangled by Edmund
             ... wielding a +2 vorpal flail
              (19 damage)
             ... on level 5 of the Dungeon.
             The game lasted 00:08:12 (3321 turns).

Goreval the Cudgeller (Troll Berserker)             Turns: 3321, Time: 00:08:12

Health: -7/93      AC:  4    Str: 28    XL:     6   Next: 68%
Magic:  5/5        EV: 10    Int:  3    God:    Trog [**....]
Gold:   158        SH:  0    Dex:  9    Spells: 5/5 levels left

rFire   . . .      SeeInvis +   a - +0 mace
rCold   . . .      Faith    .   (no shield)
rNeg    . . .      Spirit   .   b - +0 animal skin
rPois   .          Reflect  .   (helmet restricted)
rElec   .          Harm     .   (no cloak)
rCorr   .          Rampage  .   (gloves unavailable)
Will    +....                   (boots unavailable)
Stlth   ..........              (no amulet)
HPRegen 1.05/turn               h - ring of see invisible
MPRegen 0.09/turn               u - ring of willpower

@: berserking, very quick
A: large, unfitting armour, claws 3, regeneration 1, shaggy fur 1, tough skin 1
a: Renounce Religion, Berserk, Trog's Hand


You were on level 5 of the Dungeon.
You worshipped Trog.
Trog was pleased with you.
You visited 1 branch of the dungeon, and saw 5 of its levels.

You collected 158 gold pieces.

Inventory:

Hand Weapons
 a - a +0 mace (weapon)
Armour
 b - a +0 animal skin (worn)
Jewellery
 h - a ring of see invisible (left claw)
 u - a ring of willpower (right claw)
Wands
 o - a wand of iceblast (13)
 w - a wand of paralysis (7)
Scrolls
 d - 2 scrolls of butterflies {unknown}
 f - 5 scrolls of identify {unknown}
 i - 2 scrolls of amnesia {unknown}
 j - 3 scrolls of silence {unknown}
 l - a scroll of teleportation {unknown}
 m - a scroll of brand weapon {unknown}
 r - a scroll of magic mapping {unknown}
 s - a scroll of fear {unknown}
 t - a scroll of poison {unknown}
Potions
 c - 2 potions of berserk rage
 e - a potion of ambrosia {unknown}
 g - a potion of attraction {unknown}
 k - 2 potions of resistance {unknown}
 n - a potion of degeneration {unknown}
 p - 2 potions of brilliance {unknown}
 q - 2 potions of cancellation {unknown}
 v - a potion of curing {unknown}


   Skills:
 + Level 3.7 Fighting
 * Level 5.2 Maces & Flails
 + Level 3.7 Dodging


You had 5 spell levels left.
You didn't know any spells.
Your spell library was empty.

Dungeon Overview and Level Annotations

Branches:
Dungeon (5/15) Zot: 26599  Temple (0/1) D:4

Altars:
Gozag

Annotations:
D:5 Edmund


Innate Abilities, Weirdness & Mutations

You are too large for most types of armour.
You have claws for hands.
Your natural rate of healing is unusually fast.
You are covered in fur. (AC +1)
You have tough skin. (AC +1)


Message History

You are too injured to fight recklessly!
You are too injured to fight recklessly!
You are too injured to fight recklessly!
You are too injured to fight recklessly!
You are too injured to fight recklessly!
You are too injured to fight recklessly!
Unknown command.
You closely miss the ufetubus. The ufetubus closely misses you.
The ufetubus hits you but does no damage.
The hound bites you. The ufetubus barely misses you.
The ufetubus hits you but does no damage.
The hound bites you but does no damage.
You thump the ufetubus!
You kill the ufetubus!
Trog accepts your kill. The hound bites you but does no damage.
Edmund and an iguana come into view.
Edmund is wielding a +2 vorpal flail.
The sentinel's mark upon you fades away.
The hound bites you.
You see here a hound corpse.
You sock the iguana! You claw the iguana!
You kill the iguana!
Trog accepts your kill. The hound bites you. x2
Edmund hits you with a +2 vorpal flail.
You see here an iguana corpse.
A red film seems to cover your vision as you go berserk!
You feel yourself moving faster!
You feel mighty! The hound barely misses you.
Edmund says, "People think my brother is the best.
I think he's crazy."
Edmund drinks a potion.
Edmund goes berserk!
The hound barely misses you.
You barely miss Edmund. Edmund hits you with a +2 vorpal flail!
* * * LOW HITPOINT WARNING * * *
x2 The hound bites you but does no damage.
Edmund hits you with a +2 vorpal flail!
* * * LOW HITPOINT WARNING * * *
x2 You sock Edmund!
The hound barely misses you.
Edmund hits you with a +2 vorpal flail!!
You die...

#.# #. ##.# ###.###
...# #.....# #..#
.##..!..# #..#
........# #..#
#.....# #>)# #.....#
#..#######.#.#
.######..........#h#
...........#######.#
.######.##.# #.#
#<##@# #.#
#.##@#######.#
#.##.hsShY...#
..#########..# ###
#......†.#
#.#####.## #.# #.#
#.# ###.# ....# #...
###...### #...(.<.#
..###.....s....
##...###... #.### .
#. .. .. ##.


You could see Edmund (berserk), an ice beast, a scorpion, a hound, an adder and
a jackal.

Vanquished Creatures
  An ice beast (D:4)
  A scorpion (D:5)
  2 hounds
  3 iguanas
  2 orc wizards (D:3)
  3 adders
  An ufetubus (D:5)
  4 worms
  2 dart slugs
  6 orcs
  4 endoplasms
  4 giant cockroaches
  4 goblins
  5 hobgoblins
  A quokka (D:4)
  4 ball pythons
  2 bats
  3 frilled lizards
  5 kobolds
  6 rats
63 creatures vanquished.

Notes
Turn   | Place    | Note
-------+----------+-------------------------------------------
     0 | D:1      | Goreval the Troll Berserker began the quest for the Orb.
     0 | D:1      | Reached XP level 1. HP: 22/22 MP: 0/0
   297 | D:1      | Reached skill level 3 in Maces & Flails
   297 | D:1      | Reached XP level 2. HP: 29/29 MP: 1/1
   881 | D:2      | Reached XP level 3. HP: 15/36 MP: 2/2
  1324 | D:2      | Reached ** piety under Trog
  1665 | D:3      | Reached XP level 4. HP: 44/44 MP: 3/3
  2057 | D:4      | Reached skill level 4 in Maces & Flails
  2116 | D:3      | Reached XP level 5. HP: 19/53 MP: 4/4
  2650 | D:4      | Found a staircase to the Ecumenical Temple.
  2951 | D:4      | Found an opulent altar of Gozag.
  3162 | D:5      | Entered Level 5 of the Dungeon
  3162 | D:5      | Noticed an ice beast
  3177 | D:4      | Killed an ice beast
  3178 | D:4      | Reached XP level 6. HP: 50/61 MP: 5/5
  3216 | D:5      | Reached skill level 5 in Maces & Flails
  3313 | D:5      | Noticed an ice beast
  3316 | D:5      | Noticed Edmund
  3321 | D:5      | Mangled by Edmund

Illustrated notes

Levels and vault maps discovered:
D:1:      minmay_arrival_radiant_lines, layout_loops_ring
D:2:      layout_loops_ring, minmay_distorted
D:3:      layout_basic
D:4:      layout_cave_pools, grunt_gozag_statues, minmay_temple_entry_tees,
          minivault_11
D:5:      layout_loops_ring, uniq_pikel, uniq_edmund

Skill      XL: |  1  2  3  4  5  6 |
---------------+-------------------+-----
Maces & Flails | 3 4 5 |  5.2
Fighting       | 3 |  3.7
Dodging        | 3 |  3.7

Action                   |  1- 3 |  4- 6 || total
-------------------------+-------+-------++-------
Melee: Mace              |   104 |   151 ||   255
       Punch             |       |     3 ||     3
Throw: Stone             |    31 |       ||    31
Invok: Berserk           |       |     4 ||     4
Armor: Animal skin       |    34 |    43 ||    77
Dodge: Dodged            |    39 |    88 ||   127
